 Dungeon Crawl Stone Soup version 0.25.0-37-gb73750e0fb (webtiles) character file.

Game seed: 11891727011485252991

242 Ethylacetat the Poker (level 6, -4/47 HPs)
             Began as a Merfolk Skald on July 8, 2020.
             Slain by a bullfrog (8 damage)
             ... in a sewer.
             The game lasted 00:07:07 (3765 turns).

Ethylacetat the Poker (Merfolk Skald)               Turns: 3765, Time: 00:07:07

Health: -4/47      AC:  3    Str: 13    XL:     6   Next: 9%
Magic:  9/9        EV: 19    Int: 13    God:
Gold:   137        SH:  0    Dex: 13    Spells: 9/10 levels left

rFire    . . .     SeeInvis .   a - +0 spear
rCold    . . .     Gourm    .   (no shield)
rNeg     . . .     Faith    .   b - +0 leather armour
rPois    .         Spirit   .   (no helmet)
rElec    .         Reflect  .   (no cloak)
rCorr    .         Harm     .   (no gloves)
MR       .....                  (boots currently unavailable)
Stlth    ++........             (no amulet)
HPRegen  0.15/turn              e - ring of attention (curse)
MPRegen  0.11/turn              p - +4 ring of evasion

@: very quick
A: change form in water, swift swim, stealthy swim
a: no special abilities


You were in a sewer.
You were not hungry.

You visited 1 branch of the dungeon, and saw 3 of its levels.
You also visited: Sewer.

You collected 137 gold pieces.

Inventory:

Hand Weapons
 a - a +0 spear (weapon)
Armour
 b - a +0 leather armour (worn)
Jewellery
 e - a cursed ring of attention (left hand)
 p - a +4 ring of evasion (right hand)
Wands
 s - a wand of iceblast (6)
Scrolls
 f - a scroll of fog {unknown}
 h - a scroll of enchant weapon {unknown}
 k - 2 scrolls of identify {unknown}
 l - a scroll of immolation {unknown}
 m - a scroll of amnesia {unknown}
 o - a scroll of fear {unknown}
 q - a scroll of blinking {unknown}
 t - a scroll of remove curse {unknown}
Potions
 c - 2 potions of lignification {unknown}
 g - 2 potions of berserk rage {unknown}
 i - a potion of mutation {unknown}
 j - a potion of brilliance {unknown}
 n - 2 potions of curing {unknown}
Comestibles
 d - 6 rations
 r - 10 chunks of flesh


   Skills:
 + Level 3.4 Fighting
 * Level 6.1 Polearms
 - Level 0.6 Armour
 - Level 2.6 Dodging
 + Level 2.6 Stealth
 - Level 2.6 Spellcasting
 - Level 3.9 Charms


You had 9 spell levels left.
You knew the following spells:

 Your Spells              Type           Power        Failure   Level  Hunger
a - Infusion              Chrm           ##..         6%          1    #......

Your spell library contained the following spells:

 Spells                   Type           Power        Failure   Level  Hunger
 Song of Slaying          Chrm           ##......     9%          2    ###....
 Shroud of Golubria       Chrm/Tloc      #.....       21%         2    ###....
 Ozocubu's Armour         Chrm/Ice       #.......     38%         3    ###....
 Spectral Weapon          Hex/Chrm       #.......     38%         3    ###....


Dungeon Overview and Level Annotations

Branches:
Dungeon (3/15)              Sewer (1/1)

Altars:


Message History

You completely miss the bullfrog.
The bullfrog is severely wounded.
The adder completely misses you. The bullfrog completely misses you.
The bullfrog hits you.
* * * LOW HITPOINT WARNING * * *
The adder completely misses you. The bullfrog closely misses you.
The adder bites you but does no damage. The bullfrog barely misses you.
The bullfrog completely misses you.
You barely miss the bullfrog.
The bullfrog is severely wounded.
The bullfrog misses you. The bullfrog hits you.
* * * LOW HITPOINT WARNING * * *
The bullfrog barely misses you.
You hit the bullfrog.
The bullfrog is almost dead.
The bullfrog misses you. The bullfrog closely misses you.
The bullfrog completely misses you. The bullfrog hits you!
You die...

#≈≈≈#≈≈## ##s.#≈≈≈
#≈≈##≈≈# #.l###≈
#≈≈#≈≈##≈≈.≈.≈≈##≈.≈#≈
#≈≈#.≈#≈≈≈≈≈.≈.≈#≈≈∩#≈
#≈≈#≈.#≈≈≈.≈.≈≈≈#≈≈≈#≈
#.≈#≈≈#≈≈.?.≈≈..#≈.##.
#≈≈#≈S#≈≈.?..≈≈≈#s≈#≈.
#≈≈#FF#≈≈.$."≈.J#l≈#≈≈
#≈≈#≈@##≈≈.$≈.s##..#≈.
#.≈##≈≈#≈≈≈.≈J.≈≈≈.#≈≈
#≈≈≈#≈≈##≈.≈≈≈≈..###≈≈
##.≈#.≈≈##≈.≈≈≈###≈###
#≈.##≈≈≈#######≈≈≈≈.#
#≈≈≈#.≈÷≈≈≈≈≈≈≈.≈≈≈.#
##÷.##≈≈≈≈≈....##≈≈##
#≈≈.##≈≈≈≈≈≈≈##≈≈##
#≈≈≈≈###≈≈≈###≈≈≈#


You could see 2 bullfrogs and an adder.

Vanquished Creatures
  8 adders
  15 oozes
  3 worms (D:2)
  9 leopard geckos (Sewer)
  13 ball pythons (Sewer)
  10 giant cockroaches
  4 goblins
  6 hobgoblins
  7 jackals
  3 bats
  9 frilled lizards
  5 kobolds
  4 rats
96 creatures vanquished.

Notes
Turn   | Place    | Note
-------+----------+-------------------------------------------
     0 | D:1      | Ethylacetat the Merfolk Skald began the quest for the Orb.
     0 | D:1      | Reached XP level 1. HP: 16/16 MP: 3/3
   194 | D:1      | Reached XP level 2. HP: 5/22 MP: 5/5
  1579 | D:2      | Reached skill level 1 in Stealth
  1579 | D:2      | Reached XP level 3. HP: 17/28 MP: 6/6
  1742 | D:2      | Reached skill level 4 in Polearms
  2593 | D:2      | Reached XP level 4. HP: 33/34 MP: 7/7
  2660 | D:3      | Found a glowing drain.
  2750 | Sewer    | Entered a sewer
  3149 | Sewer    | Reached XP level 5. HP: 41/41 MP: 8/8
  3168 | Sewer    | Reached skill level 5 in Polearms
  3670 | Sewer    | Reached XP level 6. HP: 47/47 MP: 9/9
  3674 | Sewer    | Reached skill level 6 in Polearms
  3765 | Sewer    | Slain by a bullfrog

Illustrated notes

Levels and vault maps discovered:
D:1:      dpeg_arrival_erosion, layout_rooms
D:2:      layout_basic, first_ration, minmay_pentomino_q4
D:3:      layout_basic, yredelemnul_altar_generic, gup_sewer_entry_glass
Sewer:    sewer_frog_island_02

Skill      XL: |  1  2  3  4  5  6 |
---------------+-------------------+-----
Stealth        | 1 2 |  2.6
Polearms       | 4 5 6 |  6.1
Fighting       | 3 |  3.4
Armour         | |  0.6
Dodging        | |  2.6
Spellcasting   | |  2.6
Charms         | |  3.9

Action                   |  1- 3 |  4- 6 || total
-------------------------+-------+-------++-------
Melee: Spear             |   163 |   296 ||   459
       Tailslap          |       |    32 ||    32
 Stab: Sleeping          |     1 |       ||     1
  Eat: Chunk             |     4 |     5 ||     9
Armor: Leather armour    |    20 |    32 ||    52
Dodge: Dodged            |    76 |   299 ||   375
